 Dungeon Crawl Stone Soup version 0.29.1-2-gbd0b4ee654 (webtiles) character file.

Game seed: 1703894510241945379

337669 DildoBatman the Metallomancer (level 22, -5/159 HPs)
             Began as a Formicid Conjurer on Nov 21, 2022.
             Was an Initiate of Gozag.
             Slain by a golden dragon (16 damage)
             ... on level 4 of the Vaults.
             The game lasted 02:16:05 (39172 turns).

DildoBatman the Metallomancer (Formicid Conjurer)  Turns: 39172, Time: 02:16:05

Health: -5/159     AC: 16    Str: 15      XL:     22   Next: 91%
Magic:  30/41      EV: 18    Int: 40      God:    Gozag
Gold:   13195      SH: 28    Dex: 33 (34) Spells: 23/51 levels left

rFire   + + +      SeeInvis +   a - +9 arbalest (flame)
rCold   . . .      Faith    .   K - +0 tower shield
rNeg    + + +      Spirit   .   l - +1 leather armour of Vomomas {rElec Regen+ Str-2 Dex+8}
rPois   ∞          Reflect  .   (helmet unavailable)
rElec   +          Harm     .   n - +0 cloak of the Armoured One {Regen+ Int+3}
rCorr   +          Rampage  .   q - +1 pair of gloves "Aziomeomi" {Dex+10}
Will    +++..                   x - +1 pair of boots "Kecaron" {rF+++ Int-3 Dex+4}
Stlth   +++.......              g - amulet of the acrobat
HPRegen 1.96/turn               X - ring "Xinoytim" {Int+4 Slay+4}
MPRegen 0.27/turn               U - ring of Fatigue {Fire rCorr Str+3 Int+9}

@: lich-form, gold aura, studying Hexes
A: draining attack, torment immunity, no potions, permanent stasis, dig shafts
and tunnels, antennae 3, four strong arms, large bone plates 1, deformed body,
deterioration 1
}: 2/15 runes: serpentine, barnacled
a: Dig, Shaft Self, End Transformation, Renounce Religion, Potion Petition, Call
Merchant, Bribe Branch


You were on level 4 of the Vaults.
You worshipped Gozag.
Gozag was extremely pleased with you.
You were an undead lich.
You visited 7 branches of the dungeon, and saw 36 of its levels.
You visited the Abyss 1 time.
You also visited: Ice Cave.

You collected 16029 gold pieces.
You spent 2211 gold pieces at shops.
You paid 623 gold pieces to Gozag.

Inventory:

Hand Weapons
 a - a +9 arbalest of flaming (weapon)
 b - the +9 mace of the Volcano {vamp, *Slow rN+ Str+7}
   (You took it off a hobgoblin on level 3 of the Dungeon)

   It occasionally heals its wielder for a portion of the damage dealt when it
   wounds a living foe.
   Str:       It affects your strength (+7).
   rN:        It protects you from negative energy.
   *Slow:     It may slow you when you take damage.
 J - the +7 hand axe of Disarray {vorpal, rElec rC- Int+9 Dex-2}
   (You found it on level 4 of the Vaults)

   It inflicts extra damage upon your enemies.
   Int:       It affects your intelligence (+9).
   Dex:       It affects your dexterity (-2).
   rC:        It makes you vulnerable to cold.
   rElec:     It insulates you from electricity.
Missiles
 k - 13 javelins
 m - 5 throwing nets
 P - 7 silver javelins
Armour
 l - the +1 leather armour of Vomomas (worn) {rElec Regen+ Str-2 Dex+8}
   (You found it on level 13 of the Dungeon)

   Str:       It affects your strength (-2).
   Dex:       It affects your dexterity (+8).
   rElec:     It insulates you from electricity.
   Regen:     It increases your rate of health regeneration.
 n - the +0 cloak of the Armoured One (worn) {Regen+ Int+3}
   (You found it on level 1 of the Snake Pit)

   Int:       It affects your intelligence (+3).
   Regen:     It increases your rate of health regeneration.
 o - a +4 troll leather armour
 q - the +1 pair of gloves "Aziomeomi" (worn) {Dex+10}
   (You acquired it on level 2 of the Orcish Mines)

   Dex:       It affects your dexterity (+10).
 x - the +1 pair of boots "Kecaron" (worn) {rF+++ Int-3 Dex+4}
   (You found it on level 1 of the Vaults)

   Int:       It affects your intelligence (-3).
   Dex:       It affects your dexterity (+4).
   rF:        It renders you almost immune to fire.
 F - a +1 pair of boots
 K - a +0 tower shield (worn)
 R - the +2 pair of gloves "Hacvente" {Int+6}
   (You found it on level 8 of the Dungeon)

   Int:       It affects your intelligence (+6).
Magical Staves
 v - a staff of air
 I - a staff of fire
 V - a staff of death
Jewellery
 d - a ring of flight
 g - an amulet of the acrobat (around neck)
 B - a +6 ring of dexterity
 E - a ring of willpower
 Q - the ring of Faqoru {rF+ rN++}
   (You found it on level 4 of the Shoals)

   [ring of protection from fire]

   rF:        It protects you from fire.
   rN:        It greatly protects you from negative energy.
 U - the ring of Fatigue (right hand) {Fire rCorr Str+3 Int+9}
   (You found it on level 3 of the Snake Pit)

   [ring of fire]

   It enhances your fire magic.
   Str:       It affects your strength (+3).
   Int:       It affects your intelligence (+9).
   rF:        It protects you from fire.
   rC:        It makes you vulnerable to cold.
   rCorr:     It protects you from acid and corrosion.
 W - the ring of Guetozxedd {EV+4 Str+3}
   (You found it on level 3 of the Snake Pit)

   [ring of evasion]

   EV:        It affects your evasion (+4).
   Str:       It affects your strength (+3).
 X - the ring "Xinoytim" (left hand) {Int+4 Slay+4}
   (You found it on level 3 of the Snake Pit)

   [ring of slaying]

   Int:       It affects your intelligence (+4).
   Slay:      It affects your accuracy & damage with ranged weapons and melee
   (+4).
 Y - a +4 ring of evasion
Wands
 u - a wand of quicksilver (6)
 H - a wand of roots (31)
Scrolls
 c - 3 scrolls of torment
 h - 5 scrolls of enchant weapon
 i - 7 scrolls of butterflies
 j - 7 scrolls of immolation
 r - 8 scrolls of fear
 t - 2 scrolls of summoning
 w - 3 scrolls of enchant armour
 z - 8 scrolls of identify
 C - 3 scrolls of magic mapping
 S - 3 scrolls of poison
 T - 2 scrolls of amnesia
Potions
 e - 7 potions of might
 f - 5 potions of resistance
 p - 21 potions of curing
 s - 5 potions of magic
 A - 2 potions of flight
 D - 2 potions of cancellation
 G - 6 potions of ambrosia
 L - 5 potions of heal wounds
 M - 4 potions of invisibility
 O - 10 potions of brilliance
Miscellaneous
 y - a box of beasts
 N - a condenser vane


   Skills:
 - Level 10.0 Fighting
 - Level 6.0 Ranged Weapons
 - Level 10.0 Armour
 - Level 7.0 Dodging
 - Level 2.4 Stealth
 - Level 15.0 Shields
 - Level 15.0 Spellcasting
 - Level 6.0 Conjurations
 * Level 21.2 Necromancy
 * Level 16.6 Transmutations
 - Level 22.0 Earth Magic


You had 23 spell levels left.
You knew the following spells:

 Your Spells              Type           Power      Damage    Failure   Level
a - Borgnjor's Vile Clut  Necr/Erth      70%        N/A       0%          5
d - Vampiric Draining     Necr           100%       2d13      0%          3
e - Necromutation         Tmut/Necr      67%        N/A       10%         8
f - Statue Form           Tmut/Erth      74%        N/A       1%          6
h - Dispel Undead         Necr           100%       3d31      0%          4
z - Sublimation of Blood  Necr           100%       N/A       0%          2

Your spell library contained the following spells:

 Spells                   Type           Power      Damage    Failure   Level
 Necrotise                Necr           100%       1d9       0%          1
 Agony                    Necr           100%       N/A       0%          5
 Lee's Rapid Deconstruct  Erth           58%        3d28*     0%          5
 Magic Dart               Conj           100%       1d8       1%          1
 Sting                    Tmut/Pois      100%       1d8       1%          1
 Searing Ray              Conj           100%       2d8       1%          2
 Static Discharge         Conj/Air       52%        3-10/arc  1%          2
 Ice Form                 Ice/Tmut       77%        N/A       1%          4
 Leda's Liquefaction      Hex/Erth       43%        N/A       1%          4
 Death Channel            Necr           70%        N/A       1%          6
 Dazzling Flash           Conj/Hex       100%       N/A       3%          3
 Borgnjor's Revivificati  Necr           70%        N/A       3%          8
 Infestation              Necr           70%        N/A       3%          8
 Poisonous Vapours        Pois/Air       60%        N/A       4%          2
 Iskenderun's Battlesphe  Conj           67%        2d12      8%          5
 Call Canine Familiar     Summ           30%        N/A       10%         3
 Frozen Ramparts          Ice            60%        1d10      10%         3
 Gell's Gravitas          Tloc           30%        N/A       10%         3
 Inner Flame              Hex/Fire       45%        N/A       10%         3
 Lesser Beckoning         Tloc           30%        N/A       10%         3
 Portal Projectile        Hex/Tloc       60%        N/A       10%         3
 Teleport Other           Tloc           30%        N/A       10%         3
 Fulminant Prism          Conj/Hex       26%        3d14      10%         4
 Iskenderun's Mystic Bla  Conj/Tloc      52%        2d11      10%         4
 Sticky Flame             Conj/Fire      69%        2d8       10%         4
 Fireball                 Conj/Fire      34%        3d14      26%         5
 Cause Fear               Hex            15%        N/A       32%         4
 Olgreb's Toxic Radiance  Pois           30%        N/A       32%         4
 Passage of Golubria      Tloc           30%        N/A       32%         4
 Summon Ice Beast         Ice/Summ       30%        N/A       32%         4
 Haunt                    Necr/Summ      53%        N/A       36%         7
 Freezing Cloud           Conj/Ice/Air   23%        6-21      38%         5
 Shatter                  Erth           58%        3d44*     38%         9
 Death's Door             Necr           70%        N/A       50%         9
 Lehudib's Crystal Spear  Conj/Erth      48%        10d12     56%         8
 Manifold Assault         Tloc           30%        N/A       67%         5
 Silence                  Hex/Air        15%        N/A       67%         5
 Summon Mana Viper        Hex/Summ       30%        N/A       67%         5
 Conjure Ball Lightning   Conj/Air       26%        3x3d7     83%         6
 Starburst                Conj/Fire      34%        6d10      83%         6
 Orb of Destruction       Conj           33%        9d10      94%         7
 Monstrous Menagerie      Summ           15%        N/A       100%        7
 Discord                  Hex            15%        N/A       100%        8
 Disjunction              Tloc           15%        N/A       100%        8
 Chain Lightning          Conj/Air       26%        3d34      100%        9
 Fire Storm               Conj/Fire      34%        8d9       100%        9
 Animate Dead             Necr           Unusable   N/A       N/A         4
 Corpse Rot               Necr/Pois/Air  Unusable   N/A       N/A         4
 Blink                    Tloc           Unusable   N/A       N/A         2
 Simulacrum               Ice/Necr       Unusable   N/A       N/A         6

Dungeon Overview and Level Annotations

Branches:
Dungeon (15/15)            Temple (1/1) D:7            Lair (5/5) D:9
 Shoals (4/4) Lair:2        Snake (4/4) Lair:2        Slime (0/5) Lair:4
    Orc (2/2) D:11            Elf (0/3) Orc:2        Vaults (5/5) D:13
  Crypt (0/3) Vaults:2     Depths (0/4) D:15          IceCv (visited)

Altars:
Ashenzari
Cheibriados
Dithmenos
Elyvilon
Fedhas
Gozag
Hepliaklqana
Kikubaaqudgha
Makhleb
Nemelex Xobeh
Okawaru
Qazlal
Ru
Sif Muna
Trog
Uskayaw
Vehumet
Wu Jian
Xom
Yredelemnul
Zin
The Shining One

Shops:
D:9 [   D:13 =*[   Orc:1 ?   Orc:2 :=[(   Shoals:1 =   Snake:1 (=   Snake:2 (
Snake:3 (   Vaults:4 ?!


Innate Abilities, Weirdness & Mutations

You are an undead lich.
Your unarmed attacks are suffused with negative energy.
You are immune to unholy pain and torment.
Your necromantic spells are more powerful.
You cannot drink.
You are immune to poison.
You cannot be hasted, slowed, berserked, paralysed or teleported.
You can dig through walls and to a lower floor.
You have a pair of large antennae on your head. (SInv)
Your four strong arms can wield two-handed weapons with a shield.
You are partially covered in large bone plates. (SH +4)
Armour fits poorly on your strangely shaped body.
Your body sometimes deteriorates upon taking damage.


Message History

Press: ? - help, Shift-Dir - straight line, f - vault guard, p - vault guard
Aim: a vault guard, wielding a +0 dire flail and wearing a +0 plate armour (100% to hit)
You feel a surge of power!
Zombie hands grab the vault guard. x2
The zombie hands constrict the vault guard! x3
The zombie hands constrict the golden dragon!!
The vault guard hits you but does no damage.
The golden dragon closely misses you. The golden dragon claws you!
You block the golden dragon's attack.
The vault guard struggles to escape constriction.
You block the vault guard's attack. x2
The vault guard hits you with a +0 battleaxe!
Fire: a) +9 arbalest (flame)
Press: ? - help, Q - select action, (/) - cycle Shift-Dir - straight line, f/p - vault guard
Aim: a vault guard, wielding a +0 dire flail and wearing a +0 plate armour (lightly wounded, constricted by zombie hands, 93% to hit)
You shoot a bolt. The bolt hits the vault guard!!
The bolt burns the vault guard!
The vault guard is almost dead.
The zombie hands constrict the vault guard!! x2
You kill the vault guard!
The zombie hands constrict the vault guard!!
The zombie hands constrict the golden dragon!
You block the vault guard's attack.
The vault guard hits you with a +0 battleaxe!
The vault guard struggles to escape constriction.
The golden dragon breathes cold at you. The bolt of cold hits you!!
Your body deteriorates!
You feel clumsy.
The vault guard struggles to escape constriction.
You block the vault guard's attack.
The vault guard hits you with a +3 dire flail.
The vault guard completely misses you.
The vault guard struggles to escape constriction.
You block the vault guard's attack. The golden dragon bites you!
You die...
Your body crumbles into a pile of gold.

#..... #..).. #..∩.. #.....
#..... ############# #.....
#.........p.##############'
#..#.#.#.#$p#...........'..
#..#######Lp#...........#..
#..#)#.#/#pDp...........#..
#.........C.#...........#..
#############...........#..
#...........#..
#...........#..
#...........#..
#...........###
#........)..#


You could see a golden dragon (catching breath, clutched), 5 vault guards and an
ettin.

Vanquished Creatures
  Saint Roka (Snake:3)
  Vashnia (Snake:2)
  A Tzitzimitl (Snake:3)
  The ghost of ripuliukko the Executioner, an adept MiFi of Okawaru (Shoals:2)
  Mlioglotl (Shoals:1)
  2 quicksilver dragons (Snake:4)
  2 titans (Vaults:4)
  2 krakens (Shoals:3)
  4 sphinxes
  A shadow dragon (Vaults:2)
  A tengu reaver (Vaults:4)
  5 nagarajas
  A fenstrider witch (shapeshifter) (Vaults:4)
  A frost giant (Vaults:4)
  Aizul (Snake:4)
  Louise (Snake:2)
  An orc warlord (Orc:1)
  17 vault wardens
  10 ironbound preservers
  4 stone giants
  A war gargoyle (Vaults:2)
  10 very ugly things
  10 ironbound thunderhulks
  2 entropy weavers
  A deep elf demonologist (Vaults:4)
  8 dire elephants
  2 crystal guardians
  2 ettins
  7 yaktaur captains
  A fire dragon (D:14)
  5 merfolk javelineers (Shoals:4)
  10 merfolk impalers
  32 vault guards
  2 peacekeepers
  8 great orbs of eyes
  2 salamander tyrants
  2 ogre magi
  7 hydras
  3 alligator snapping turtles
  2 boulder beetles
  4 catoblepae
  9 anacondas
  6 ironbound frosthearts
  3 merfolk avatars
  A merfolk aquamancer (Shoals:4)
  6 two-headed ogres
  6 death yaks (Lair:5)
  14 naga warriors
  16 centaur warriors
  3 satyrs
  A tengu warrior (D:14)
  13 naga sharpshooters
  Nergalle (Lair:3)
  A vampire mage (Vaults:4)
  4 orc high priests (Orc:2)
  Urug (Orc:1)
  A shock serpent (shapeshifter) (Vaults:3)
  14 shock serpents
  Amaemon (D:8)
  A salamander mystic (Snake:3)
  The ghost of kalagan the Thaumaturge, a novice DECj of Sif Muna (D:8)
  37 deep trolls
  A sea snake (shapeshifter) (Vaults:4)
  A glowing orange brain (Vaults:2)
  5 skeletal warriors (D:15)
  7 naga ritualists
  Lodul (D:12)
  17 sea snakes
  7 wizards
  2 necromancers
  A phantasmal warrior (Vaults:4)
  18 ironbound convokers
  12 fauns
  An orc knight (D:15)
  A deep elf pyromancer (D:10)
  11 harpies
  2 orc sorcerers
  8 lindwurms
  7 mana vipers
  43 ugly things
  9 salamanders
  3 cyclopes
  18 manticores
  5 elephants (Lair:1)
  A centaur zombie (D:14)
  2 moths of wrath (Shoals:2)
  5 guardian serpents
  An ice statue (IceCv)
  A black mamba (shapeshifter) (D:15)
  A fire giant skeleton (Vaults:1)
  10 merfolk sirens
  17 vault sentinels
  8 water nymphs
  Joseph (D:7)
  14 naga magi
  3 torpor snails
  50 black mambas
  12 cane toads
  An unseen horror (D:10)
  Maggie (D:7)
  An orange demon (D:8)
  A yaktaur zombie (Vaults:1)
  4 rime drakes
  An anaconda simulacrum (IceCv)
  A redback zombie (D:14)
  8 komodo dragons
  33 yaktaurs
  A tengu conjurer (D:14)
  16 ice devils (IceCv)
  8 polar bears
  A human skeleton (Vaults:1)
  33 merfolk
  6 trolls
  8 wind drakes
  6 hornets
  A tarantella (shapeshifter) (D:15)
  10 blink frogs
  9 dream sheep
  16 snapping turtles
  45 slime creatures
  A human simulacrum (Vaults:1)
  7 water elementals
  18 spriggans
  A shadow (D:9)
  7 wraiths
  A dire elephant simulacrum (IceCv)
  A vampire (D:10)
  5 wyverns
  7 basilisks
  69 yaks
  4 vampire mosquitoes
  A steam dragon (D:10)
  5 death yak simulacra (IceCv)
  7 wargs
  3 redbacks (Vaults:2)
  33 nagas
  3 harpy simulacra (IceCv)
  3 acid dragons
  13 water moccasins
  6 black bears
  40 orc warriors
  3 ice beasts
  An ettin simulacrum (Vaults:1)
  18 ogres
  A sky beast (D:6)
  12 boggarts
  29 wolves
  7 centaurs
  2 phantoms
  3 kobold brigands
  10 bullfrogs
  A small abomination (Abyss:2)
  5 cane toad simulacra (IceCv)
  2 necrophages
  A scorpion (D:6)
  3 two-headed ogre simulacra
  A hornet simulacrum (D:14)
  2 elephant simulacra (IceCv)
  8 killer bees (D:9)
  2 howler monkeys (D:8)
  2 hounds
  4 jellies
  A gnoll bouda (D:6)
  41 orc priests
  4 iguanas
  25 orc wizards
  5 hell rats (Lair:5)
  5 polar bear simulacra (IceCv)
  A spriggan simulacrum (D:11)
  A troll simulacrum (IceCv)
  3 wolf simulacra (IceCv)
  6 gnolls
  8 adders
  2 naga simulacra
  2 shadow imps
  3 white imps
  An ufetubus (IceCv)
  5 worms
  98 orcs
  5 bats
  15 endoplasms
  6 giant cockroaches
  5 goblins
  4 hobgoblins
  8 jackals
  19 kobolds
  A quokka (D:1)
  6 ball pythons
  3 frilled lizards
  8 rats
  3 tentacles (Shoals:3)
1482 creatures vanquished.

Vanquished Creatures (others)
  A water elemental (Shoals:4)
  An orc wizard (Orc:2)
  A gnoll (Orc:1)
  An orc (Orc:1)
  20 fungi
  62 plants
  52 tentacles (Shoals:3)
  8 toadstools (D:3)
146 creatures vanquished.

Grand Total: 1628 creatures vanquished

Notes
Turn   | Place    | Note
-------+----------+-------------------------------------------
     0 | D:1      | DildoBatman the Formicid Conjurer began the quest for the
                  | Orb.
     0 | D:1      | Reached XP level 1. HP: 13/13 MP: 3/3
   313 | D:1      | Reached XP level 2. HP: 19/19 MP: 1/5
   316 | D:1      | Learned a level 2 spell: Searing Ray
   528 | D:1      | Found a faded altar of an unknown god.
   550 | D:1      | Reached XP level 3. HP: 21/24 MP: 4/6
  1171 | D:2      | Reached XP level 4. HP: 30/30 MP: 3/7
  1607 | D:3      | Found a blossoming altar of Fedhas.
  1612 | D:3      | Reached skill level 5 in Conjurations
  1745 | D:3      | Identified the +9 mace of the Volcano {vamp, *Slow rN+
                  | Str+7}
  2330 | D:4      | Found a broken altar of Ashenzari.
  2378 | D:4      | Noticed a necrophage
  2510 | D:4      | Reached XP level 5. HP: 15/35 MP: 4/8
  2550 | D:4      | Noticed a phantom
  2566 | D:4      | Killed a phantom
  2567 | D:4      | Reached XP level 6. HP: 12/42 MP: 1/9
  2631 | D:4      | Reached skill level 1 in Armour
  2762 | D:4      | Reached skill level 1 in Fighting
  3007 | D:5      | Entered Level 5 of the Dungeon
  3328 | D:5      | Noticed a black bear
  3371 | D:5      | Killed a black bear
  3372 | D:5      | Reached XP level 7. HP: 51/51 MP: 7/12
  3718 | D:5      | Reached skill level 5 in Spellcasting
  3804 | D:6      | Found an iron altar of Okawaru.
  3817 | D:6      | Reached XP level 8. HP: 58/58 MP: 11/16
  4072 | D:6      | Found a basalt altar of Yredelemnul.
  4437 | D:7      | Found a staircase to the Ecumenical Temple.
  4438 | D:7      | Noticed Joseph
  4448 | Temple   | Entered the Ecumenical Temple
  4624 | Temple   | Became a worshipper of Kikubaaqudgha
  4799 | D:3      | Reached XP level 9. HP: 63/65 MP: 19/19
  4876 | D:3      | Reached * piety under Kikubaaqudgha
  4876 | D:3      | Received a gift from Kikubaaqudgha
  4933 | D:3      | Learned a level 2 spell: Sublimation of Blood
  4937 | D:3      | Learned a level 3 spell: Vampiric Draining
  4942 | D:3      | Learned a level 4 spell: Dispel Undead
  5205 | D:7      | Reached skill level 1 in Necromancy
  5327 | D:7      | Found a sacrificial altar of Ru.
  5415 | D:7      | Noticed Maggie
  5502 | D:8      | Found a runed translucent gate.
  5502 | D:8      | Found a runed translucent gate.
  5502 | D:8      | Found a runed translucent gate.
  5502 | D:8      | Noticed kalagan's ghost (novice DECj)
  5507 | D:8      | Identified the +1 chain mail of Sin {Will+ Int+4 Dex-3
                  | Stlth+}
  5567 | D:8      | Noticed a hornet
  5576 | D:8      | Killed a hornet
  5577 | D:8      | Reached skill level 5 in Fighting
  5577 | D:8      | Reached skill level 5 in Armour
  5910 | D:7      | Noticed a two-headed ogre
  6349 | D:8      | Noticed an orange demon
  6421 | D:8      | Reached skill level 5 in Necromancy
  6448 | D:8      | Found a radiant altar of Vehumet.
  6462 | D:8      | Reached XP level 10. HP: 67/74 MP: 8/20
  6620 | D:8      | Found a hide-covered altar of Uskayaw.
  6627 | D:8      | Found a snail-covered altar of Cheibriados.
  6762 | D:8      | Found a sparkling altar of Nemelex Xobeh.
  7216 | D:9      | Reached ** piety under Kikubaaqudgha
  7352 | D:9      | Found a staircase to the Lair.
  7689 | D:9      | Found a hazy altar of Hepliaklqana.
  7828 | D:9      | Found Yegara's Dragon-Slaying Spoils.
  7905 | D:9      | Reached skill level 10 in Necromancy
  8014 | D:7      | Killed Maggie
  8111 | D:7      | You fall into a shaft and drop 3 floors!
  8111 | D:10     | Entered Level 10 of the Dungeon
  8240 | D:10     | Found a glowing silver altar of Zin.
  8436 | D:7      | Killed Joseph
  8597 | D:7      | Found a shadowy altar of Dithmenos.
  8981 | D:7      | Killed a two-headed ogre
  8982 | D:7      | Reached XP level 11. HP: 53/79 MP: 11/21
  9085 | D:8      | Killed kalagan's ghost
  9143 | D:8      | Identified the +2 pair of gloves "Hacvente" {Int+6}
  9571 | D:10     | Reached *** piety under Kikubaaqudgha
  9571 | D:10     | Received a gift from Kikubaaqudgha
  9579 | D:10     | Learned a level 5 spell: Borgnjor's Vile Clutch
  9652 | D:10     | Reached skill level 2 in Earth Magic
  9700 | D:10     | Noticed a deep elf pyromancer
  9837 | D:10     | Killed a deep elf pyromancer
  9838 | D:10     | Reached skill level 3 in Earth Magic
  9978 | D:10     | Noticed a two-headed ogre
 10007 | D:10     | Reached skill level 4 in Earth Magic
 10018 | D:10     | Reached skill level 5 in Earth Magic
 10027 | D:10     | Killed a two-headed ogre
 10028 | D:10     | Reached skill level 6 in Earth Magic
 10161 | D:8      | Noticed Amaemon
 10186 | D:8      | Reached skill level 7 in Earth Magic
 10369 | D:8      | Killed Amaemon
 10370 | D:8      | Reached XP level 12. HP: 10/86 MP: 13/23
 10373 | D:8      | HP: 4/86 [poisoned by Amaemon]
 10527 | D:11     | Reached skill level 8 in Earth Magic
 10600 | D:11     | Found a frozen archway.
 10622 | D:11     | Noticed a boulder beetle
 10627 | IceCv    | Entered an ice cave
 10636 | IceCv    | Reached skill level 9 in Earth Magic
 10770 | IceCv    | Reached skill level 10 in Earth Magic
 10968 | IceCv    | Found an ancient bone altar of Kikubaaqudgha.
 10981 | IceCv    | Reached skill level 1 in Shields
 11094 | IceCv    | Reached skill level 11 in Earth Magic
 11151 | IceCv    | HP: 2/86 [ice devil (11)]
 11153 | IceCv    | Reached skill level 12 in Earth Magic
 11436 | IceCv    | Reached **** piety under Kikubaaqudgha
 11659 | IceCv    | Reached XP level 13. HP: 94/94 MP: 14/24
 11771 | IceCv    | Got Sif Muna's Catalogue of the Blizzard
 11834 | D:11     | Killed a boulder beetle
 12306 | D:11     | Found a staircase to the Orcish Mines.
 12600 | Orc:1    | Entered Level 1 of the Orcish Mines
 12600 | Orc:1    | Found Quidwiru's Magic Scroll Boutique.
 12762 | Orc:2    | Entered Level 2 of the Orcish Mines
 12766 | Orc:2    | Noticed an ettin
 12795 | Orc:2    | Reached skill level 5 in Dodging
 12812 | Orc:2    | Reached ***** piety under Kikubaaqudgha
 12864 | Orc:2    | Killed an ettin
 13076 | Orc:1    | Noticed Urug
 13121 | Orc:1    | Killed Urug
 13138 | Orc:1    | Noticed an orc warlord
 13165 | Orc:1    | Killed an orc warlord
 13608 | Orc:2    | Found a staircase to the Elven Halls.
 13832 | Orc:2    | Found Voafedoh's Jewellery Shop.
 13832 | Orc:2    | Found Tirir's Weapon Boutique.
 13833 | Orc:2    | Found Metuh's Armour Boutique.
 13837 | Orc:2    | Found Goatusuo's Book Shop.
 14464 | D:12     | Reached XP level 14. HP: 106/106 MP: 18/27
 14650 | D:12     | Reached ****** piety under Kikubaaqudgha
 14694 | D:11     | Received a gift from Kikubaaqudgha
 14696 | D:11     | Fell from the grace of Kikubaaqudgha
 14860 | Temple   | Became a worshipper of Gozag Ym Sagoz the Greedy
 15446 | D:12     | Noticed Lodul
 15453 | D:12     | Killed Lodul
 15666 | D:13     | Reached skill level 10 in Spellcasting
 15691 | D:13     | Found Feimmi's Armour Shoppe.
 15908 | D:13     | Found Xueteff's Jewellery Boutique.
 16221 | D:13     | Found a gate to the Vaults.
 16230 | D:13     | Reached skill level 10 in Fighting
 16230 | D:13     | Reached skill level 10 in Armour
 16232 | D:13     | Reached skill level 5 in Shields
 16343 | D:13     | Found Taechu Figh's Assorted Antiques.
 16346 | D:13     | Bought a green potion for 26 gold pieces
 16346 | D:13     | Bought a bubbling golden potion for 26 gold pieces
 16346 | D:13     | Bought a scroll of enchant armour for 217 gold pieces
 16364 | D:13     | Identified the +1 leather armour of Vomomas {rElec Regen+
                  | Str-2 Dex+8}
 16705 | D:14     | Reached skill level 10 in Shields
 16764 | D:14     | Reached XP level 15. HP: 81/115 MP: 10/29
 17247 | D:14     | Found a basalt altar of Yredelemnul.
 17660 | D:15     | Entered Level 15 of the Dungeon
 17772 | D:15     | Found a staircase to the Depths.
 17772 | D:15     | Noticed a stone giant
 17793 | D:15     | Killed a stone giant
 18806 | Lair:1   | Entered Level 1 of the Lair of Beasts
 18843 | Lair:1   | Reached skill level 15 in Shields
 19860 | Lair:2   | Found a staircase to the Snake Pit.
 20053 | Lair:2   | Found a staircase to the Shoals.
 20594 | Lair:3   | Reached skill level 13 in Earth Magic
 20594 | Lair:3   | Noticed Nergalle
 20602 | Lair:3   | Killed Nergalle
 20785 | Lair:3   | Reached XP level 16. HP: 91/121 MP: 12/30
 22111 | Lair:4   | Found a staircase to the Slime Pits.
 22392 | Lair:5   | Entered Level 5 of the Lair of Beasts
 22421 | Lair:5   | Reached skill level 14 in Earth Magic
 22481 | Lair:5   | Was forgiven by Kikubaaqudgha
 22925 | Lair:5   | Reached skill level 15 in Earth Magic
 23939 | D:9      | Identified a scroll of acquirement
 23957 | D:9      | Gained mutation: You have sharp toenails. [potion of
                  | mutation]
 23957 | D:9      | Gained mutation: Your system is resistant to poisons.
                  | (rPois) [potion of mutation]
 24018 | Snake:1  | Entered Level 1 of the Snake Pit
 24192 | Snake:1  | Reached XP level 17. HP: 128/128 MP: 14/31
 24257 | Snake:1  | Reached skill level 16 in Earth Magic
 24280 | Snake:1  | Reached skill level 15 in Necromancy
 24448 | Snake:1  | Found Loas's Jewellery Shoppe.
 24448 | Snake:1  | Found Duosel's Antique Weapon Emporium.
 24488 | Snake:1  | Identified the +0 cloak of the Armoured One {Regen+ Int+3}
 24629 | Snake:1  | Found a burning altar of Makhleb.
 25318 | Snake:2  | Noticed Vashnia
 25478 | Snake:2  | Found Aggooj Seu's Weapon Boutique.
 25769 | Snake:2  | Reached skill level 17 in Earth Magic
 25775 | Snake:2  | Killed Vashnia
 26036 | Snake:2  | Noticed Louise
 26047 | Snake:2  | Killed Louise
 26590 | Snake:3  | Noticed Saint Roka
 26610 | Snake:3  | Killed Saint Roka
 26654 | Snake:3  | Found Kuoz's Weapon Boutique.
 26701 | Snake:3  | Found a transporter.
 26728 | Snake:3  | Reached XP level 18. HP: 134/134 MP: 24/33
 26767 | Snake:3  | Found a shimmering blue altar of Sif Muna.
 26792 | Snake:3  | Found a transporter.
 26979 | Snake:3  | Reached skill level 18 in Earth Magic
 27240 | Snake:3  | Learned a level 8 spell: Necromutation
 27241 | Snake:4  | Entered Level 4 of the Snake Pit
 27438 | Snake:4  | Found a hazy altar of Hepliaklqana.
 28132 | Snake:4  | Noticed Aizul
 28143 | Snake:4  | Killed Aizul
 28254 | Snake:4  | Reached skill level 19 in Earth Magic
 28279 | Snake:4  | Noticed a quicksilver dragon
 28279 | Snake:4  | Noticed a quicksilver dragon
 28304 | Snake:4  | Killed a quicksilver dragon
 28314 | Snake:4  | Killed a quicksilver dragon
 28335 | Snake:4  | Got a serpentine rune of Zot
 29097 | Shoals:1 | Entered Level 1 of the Shoals
 29112 | Shoals:1 | Found Vuckot's Jewellery Shoppe.
 29126 | Shoals:1 | Noticed Mlioglotl
 29139 | Shoals:1 | Killed Mlioglotl
 29213 | Shoals:1 | Identified the +0 chain mail of Temperance {Int+5}
 29226 | Shoals:1 | Reached skill level 1 in Ranged Weapons
 29455 | Shoals:1 | Reached XP level 19. HP: 140/140 MP: 21/35
 30128 | Shoals:2 | Found a transporter.
 30132 | Shoals:2 | Noticed ripuliukko's ghost (adept MiFi)
 30609 | Shoals:2 | Found a transporter.
 30894 | Shoals:3 | Learned a level 6 spell: Statue Form
 30967 | Shoals:3 | Reached skill level 1 in Transmutations
 31638 | Shoals:4 | Entered Level 4 of the Shoals
 31658 | Shoals:4 | Reached skill level 20 in Earth Magic
 31753 | Shoals:4 | Reached skill level 5 in Ranged Weapons
 31885 | Shoals:4 | Identified the +2 ring mail "Ysiteyff" {rF+}
 31987 | Shoals:4 | Got a barnacled rune of Zot
 32097 | Shoals:4 | Identified the ring of Faqoru {rF+ rN++}
 32706 | Shoals:2 | Killed ripuliukko's ghost
 32707 | Shoals:2 | Reached XP level 20. HP: 104/147 MP: 10/36
 32787 | Shoals:2 | Identified the -1 helmet of the Clam {SInv}
 32972 | Snake:3  | Noticed a Tzitzimitl
 32976 | Snake:3  | You are sucked into a shaft and drop 1 floor!
 33049 | Snake:3  | You are sucked into a shaft and drop 1 floor!
 33365 | Snake:3  | Reached skill level 5 in Transmutations
 33375 | Snake:3  | Killed a Tzitzimitl
 33405 | Snake:3  | Identified the ring of Fatigue {Fire rCorr Str+3 Int+9}
 33407 | Snake:3  | Identified the ring of Guetozxedd {EV+4 Str+3}
 33420 | Snake:3  | Identified the ring "Xinoytim" {Int+4 Slay+4}
 33456 | Snake:3  | Gained mutation: You are weak. (Str -2) [mutagenic glow]
 33465 | Snake:3  | Gained mutation: You are clumsy. (Dex -2) [mutagenic glow]
 33478 | Snake:3  | Gained mutation: You have hidden genetic defects.
                  | [mutagenic glow]
 33490 | Snake:3  | Gained mutation: You occasionally lose the ability to read
                  | scrolls when taking damage. [mutagenic glow]
 33498 | Snake:3  | Gained mutation: Armour fits poorly on your strangely
                  | shaped body. [mutagenic glow]
 33631 | D:9      | Lost mutation: You are weak. (Str -2) [potion of mutation]
 33631 | D:9      | Lost mutation: You are clumsy. (Dex -2) [potion of
                  | mutation]
 33631 | D:9      | Gained mutation: Your body sometimes deteriorates upon
                  | taking damage. [potion of mutation]
 33632 | D:9      | Lost mutation: You have sharp toenails. [potion of
                  | mutation]
 33632 | D:9      | Lost mutation: Armour fits poorly on your strangely shaped
                  | body. [potion of mutation]
 33632 | D:9      | Lost mutation: Your system is resistant to poisons. (rPois)
                  | [potion of mutation]
 33633 | D:9      | Lost mutation: You have hidden genetic defects. [potion of
                  | mutation]
 33633 | D:9      | Lost mutation: Your body sometimes deteriorates upon taking
                  | damage. [potion of mutation]
 33633 | D:9      | Gained mutation: Armour fits poorly on your strangely
                  | shaped body. [potion of mutation]
 33633 | D:9      | Gained mutation: Your body sometimes deteriorates upon
                  | taking damage. [potion of mutation]
 33633 | D:9      | Lost mutation: You occasionally lose the ability to read
                  | scrolls when taking damage. [potion of mutation]
 33633 | D:9      | Gained mutation: You are partially covered in large bone
                  | plates. (SH +4) [potion of mutation]
 33747 | Orc:2    | Bought a manual of Transmutations for 1440 gold pieces
 33753 | Orc:2    | Acquired the +1 pair of gloves "Aziomeomi" {Dex+10}
 33913 | Vaults:1 | Entered Level 1 of the Vaults
 34496 | Vaults:1 | Identified the +1 pair of boots "Kecaron" {rF+++ Int-3
                  | Dex+4}
 34718 | Vaults:1 | Reached skill level 21 in Earth Magic
 34948 | Abyss:2  | Found a corrupted altar of Lugonu.
 34948 | Abyss:2  | Cast into level 2 of the Abyss (a wizard)
 35000 | Vaults:1 | Escaped the Abyss
 35409 | Vaults:2 | Reached XP level 21. HP: 153/153 MP: 34/38
 35419 | Vaults:2 | Reached skill level 10 in Transmutations
 35687 | Vaults:2 | Found a staircase to the Crypt.
 36850 | Vaults:3 | Identified the -2 helmet of Lies {rC+ Dex+3}
 37060 | Vaults:3 | Reached skill level 22 in Earth Magic
 37408 | Vaults:3 | Reached skill level 15 in Spellcasting
 37409 | Vaults:3 | Reached XP level 22. HP: 158/159 MP: 28/41
 37938 | Vaults:4 | Found Taunauc's Distillery.
 37955 | Vaults:4 | Bought a potion of curing for 42 gold pieces
 37955 | Vaults:4 | Bought a potion of brilliance for 56 gold pieces
 37955 | Vaults:4 | Bought a potion of curing for 42 gold pieces
 37955 | Vaults:4 | Bought a potion of heal wounds for 70 gold pieces
 37955 | Vaults:4 | Bought a potion of invisibility for 112 gold pieces
 37955 | Vaults:4 | Bought a potion of magic for 112 gold pieces
 38036 | Vaults:4 | Reached skill level 15 in Transmutations
 38533 | Vaults:4 | Identified the +7 hand axe of Disarray {vorpal, rElec rC-
                  | Int+9 Dex-2}
 38769 | Vaults:4 | Found Saffe's Magic Scroll Boutique.
 38786 | Vaults:4 | Bought a scroll of immolation for 68 gold pieces
 39107 | Vaults:5 | Entered Level 5 of the Vaults
 39167 | Vaults:5 | Noticed a golden dragon
 39172 | Vaults:4 | Slain by a golden dragon

Illustrated notes

Levels and vault maps discovered:
D:1:      dpeg_arrival_houses_and_road, layout_loops_ring,
          nicolae_ecumenical_snake_handling
D:2:      layout_rooms
D:3:      cheibrodos_fertilizer, layout_loops_ring, amcnicky_altar_gilded,
          minmay_joined_circles
D:4:      layout_rooms, evilmike_ruin_ashenzari, serial_bayou,
          serial_bayou_shore_a, serial_bayou_lagoon_a, serial_bayou_pond_e,
          serial_bayou_pond_a
D:5:      layout_gridville
D:6:      layout_loops_ring, okawaru_ov_weapons_minmay, lemuel_round_altar
D:7:      layout_layer_cave, nicolae_ru_great_annihilating_truth,
          grunt_dithmenos_shadows, minmay_temple_entry_statues_fountains,
          chequers_garden, feat_on_display, uniq_joseph, uniq_maggie
D:8:      layout_loops_ring, nemelex_spade_bored_becter,
          mainiacjoe_overflow_brackets, amethyst_overflow_temple_binary,
          biasface_ghost_orc_armoury, uniq_amaemon
D:9:      layout_roguey, mainiacjoe_overflow_concentric_impassable,
          lair_entry_dummy, chequers_arboretum, nicolae_shop_dragon_depot
D:10:     layout_rooms, mainiacjoe_overflow_surrounded_room,
          onia_ninara_dug_in_and_dangerous
D:11:     layout_grid_maze, david_orc_4, portal_ice_cave_entry_ice_simulacra,
          the_hattery
D:12:     layout_grid_maze, serial_rivers, chequers_serial_rivers_small_3,
          chequers_serial_rivers_micro_b, chequers_serial_rivers_room_a,
          chequers_serial_rivers_small_3, chequers_serial_rivers_room_b,
          uniq_lodul
D:13:     layout_loops_ring, erik_vaults_2, serial_shops,
          nicolae_shop_waterfront, shop, nicolae_shop_behind_doors
D:14:     layout_irregular_city, minmay_misc_feat_pillars,
          lemuel_zombie_altar_yredelemnul
D:15:     grunt_enter_depths_giant_problem, layout_stronghold,
          minmay_strange_pillars
Temple:   chequers_temple_sunken
Lair:1:   layout_regular_city, beast_lair_carwin_1, grunt_megastairs_4
Lair:2:   layout_long_grid, minmay_shoals_entry_lonely_mermaid,
          dummy_snake_entry
Lair:3:   dreamdust_cave_troll, layout_chaotic_city,
          hangedman_lair_generics_rect, uniq_nergalle
Lair:4:   layout_gridlike, dpeg_slime_entry_corner, wad_woods_02,
          lemuel_fruit_fields, lemuel_fruit_tree
Lair:5:   minmay_lair_end_enchanted_forest, layout_loops_ring,
          minmay_shattered_shrine
Shoals:1: layout_shoals, serial_shops, nicolae_shop_advertising_works
          [nicolae_subvault_shop_adworks], uniq_mlioglotl
Shoals:2: layout_shoals, gammafunk_ghost_berserking_beasts
Shoals:3: layout_shoals
Shoals:4: shoals_end_simple, layout_shoals
Snake:1:  layout_basic, basic_altar, minmay_shoptagon, grunt_megastairs_5
Snake:2:  layout_layer_cave, serial_shops, shop_statue, st_stairs_13,
          uniq_louise, uniq_vashnia
Snake:3:  gammafunk_its_a_trap, layout_onion_interference, basic_altar,
          serial_shops, nicolae_shop_bloodbath_and_beyond, uniq_saint_roka
Snake:4:  hellmonk_snake_rune_quicksilver_temple, layout_cave_town, basic_altar,
          grunt_megastairs_1, uniq_aizul
Orc:1:    layout_caves, basic_altar, serial_shops, shop, mines1_david, uniq_urug
Orc:2:    st_orc_mages, layout_caves
Vaults:1: vaults_room_stairs_pillars, v_misc_13, ontoclasm_vaults_hangar,
          hangedman_vaults_nails, v_misc_15, nicolae_vaults_network_square,
          v_misc_19, v_pattern_1, v_misc_26, v_rooms_2, v_rooms_1,
          ontoclasm_vaults_decontamination, nicolae_vaults_little_squares_2,
          layout_vaults_big_cross
Vaults:2: grunt_vaults_focal, v_misc_3, serial_ice_m,
          minmay_crypt_entry_nasty_monster, nicolae_vaults_ring_of_whatevers,
          hangedman_vaults_corner_blocks, v_pattern_5, v_misc_14,
          nicolae_vaults_border_crossing, layout_vaults_omnigrid
Vaults:3: hangedman_vaults_slice, vaults_dpeg_spiral, vaults_dpeg_diagonal,
          hangedman_vaults_snaps, v_misc_10, vaults_room_stairs_pillars,
          v_misc_2, dpeg_vaults_monster_row, nicolae_vaults_yaktaur_gun_rack,
          vaults_room_pools, layout_vaults_chaotic_city, uniq_margery
Vaults:4: st_greater_box_5, v_misc_23, vaults_mumra_hex,
          nicolae_vaults_circle_grid_b, hangedman_vaults_nails,
          nicolae_vaults_diagonal_hallway_9, v_misc_2,
          nicolae_vaults_shelves_hall, layout_vaults_maze_snakey, serial_shops,
          shop, nicolae_shop_stone
Vaults:5

Skill      XL: |  1  2  3  4  5  6  7  8  9 10 11 12 13 14 15 16 17 18 19 20 21 22 |
---------------+-------------------------------------------------------------------+-----
Conjurations   | 4 5 6 |  6.0
Dodging        | 2 3 4 6 7 |  7.0
Armour         | 2 3 4 5 6 8 10 | 10.0
Fighting       | 2 3 5 6 8 10 | 10.0
Spellcasting   | 3 5 7 9 10 11 12 13 15 | 15.0
Necromancy     | 6 11 12 14 16 17 18 19 21 | 21.2
Earth Magic    | 7 12 13 15 17 19 20 21 22 | 22.0
Shields        | 3 11 15 | 15.0
Ranged Weapons | 2 6 |  6.0
Transmutations | 4 9 13 16 | 16.6
Stealth        | |  2.4

Action                   |  1- 3 |  4- 6 |  7- 9 | 10-12 | 13-15 | 16-18 | 19-21 | 22-24 || total
-------------------------+-------+-------+-------+-------+-------+-------+-------+-------++-------
Melee: Unarmed           |     8 |       |       |       |       |       |       |       ||     8
       Club              |    14 |       |       |       |       |       |       |       ||    14
       Mace              |     5 |    30 |   147 |   233 |   264 |   175 |     5 |       ||   859
       Punch             |       |       |     2 |     2 |       |       |       |       ||     4
 Fire: Sling             |       |    60 |    38 |    50 |   466 |   482 |       |       ||  1096
       Arbalest          |       |       |       |       |       |    32 |   582 |   171 ||   785
 Cast: Magic Dart        |    42 |     9 |     2 |     4 |     1 |     1 |       |       ||    59
       Searing Ray       |     5 |    21 |    16 |     5 |       |       |       |       ||    47
       Vampiric Draining |       |       |    14 |    83 |    26 |     3 |       |     3 ||   129
       Dispel Undead     |       |       |       |    21 |    16 |       |     4 |     1 ||    42
       Borgnjor's Vile C |       |       |       |    41 |   208 |   319 |   358 |   103 ||  1029
       Sublimation of Bl |       |       |       |    20 |    67 |   102 |   105 |    22 ||   316
       Necromutation     |       |       |       |       |       |       |       |     3 ||     3
Invok: Receive Forbidden |       |       |       |       |     1 |       |       |       ||     1
       Renounce Religion |       |       |       |       |     1 |       |       |       ||     1
 Abil: Dig               |       |       |       |     3 |     7 |     6 |       |       ||    16
       Shaft Self        |       |       |       |     1 |       |       |     2 |       ||     3
       End Transformatio |       |       |       |       |       |       |       |     2 ||     2
  Use: Scroll            |       |     4 |       |     5 |     5 |    25 |     1 |     2 ||    42
       Potion            |       |       |       |     1 |       |     1 |     3 |       ||     5
 Stab: Sleeping          |     1 |     1 |     2 |     2 |       |       |       |       ||     6
       Distracted        |       |       |     1 |       |     1 |    10 |     1 |       ||    13
       Invisible         |       |       |     1 |       |       |       |       |       ||     1
       Paralysed         |       |       |     1 |       |       |       |       |       ||     1
       Petrified         |       |       |       |       |       |     2 |       |       ||     2
       Petrifying        |       |       |       |       |       |     1 |       |       ||     1
Armor: Robe              |     9 |    14 |    50 |    23 |       |       |       |       ||    96
       Steam dragon scal |       |       |       |    44 |       |       |       |       ||    44
       Troll leather arm |       |       |       |    37 |    56 |       |       |       ||    93
       Leather armour    |       |       |       |       |    40 |    72 |    38 |    19 ||   169
Dodge: Dodged            |    28 |    21 |   150 |   285 |   306 |   242 |   155 |    64 ||  1251
Block: Buckler           |       |       |       |    18 |    88 |       |       |       ||   106
       Kite shield       |       |       |       |       |   184 |   300 |       |       ||   484
       Tower shield      |       |       |       |       |       |   167 |   464 |   224 ||   855
